Map: Turbo Cruise '84 LE

Players

BJP - Winner!

  • Race: Protoss Protoss
  • League: Platinum
  • Spawn Location: 3:00

pHARM

  • Race: Zerg Zerg
  • League: Platinum
  • Spawn Location: 7:00

VOD

Have the link to the VOD?

Description

Time

  • Played on: Aug. 4, 2019, 11:09 p.m.
  • Length: 18:28
Show
View Real Time Build Order
Export as new Build Order

BJP Protoss - Winner!

Build Orders: Carriers 

Get SALT Encoding   

  12  0:01  Probe  
  13  0:13  Probe  
  14  0:19  Pylon  
  14  0:25  Probe  
  15  0:37  Probe  
  16  0:43  Forge  
  16  0:49  Probe  
  17  0:57  Probe  
  18  1:07  Probe  
  19  1:20  Pylon  
  19  1:28  Pylon  
  19  1:39  Probe  
  19  1:49  Photon Cannon  
  19  1:51  Probe  
  19  1:59  Probe  
  19  2:04  Nexus  
  19  2:08  Assimilator, Pylon  
  20  2:26  Gateway  
  20  2:29  Gateway  
  20  2:30  Photon Cannon  
  20  2:34  Pylon  
  20  2:37  Probe  
  21  2:44  Assimilator  
  21  2:49  Probe  
  22  3:01  Probe  
  23  3:13  Probe  
  23  3:14  Cybernetics Core  
  24  3:20  Probe  
  24  3:22  Zealot x2  
  24  3:25  Probe  
  30  3:33  Probe  
  31  3:46  Probe x2  
  33  3:53  Shield Battery  
  33  4:03  Stargate  
  33  4:04  Warp Gate  
  33  4:05  Stargate  
  33  4:07  Probe x2  
  35  4:10  Assimilator  
  35  4:15  Probe  
  35  4:16  Probe  
  37  4:25  Zealot, Probe  
  37  4:26  Zealot, Probe  
  37  4:27  Protoss Ground Weapons Level 1  
  43  4:42  Probe x2  
  43  4:44  Assimilator  
  45  4:52  Void Ray  
  49  4:55  Probe  
  49  4:56  Probe  
  51  5:11  Probe x2  
  53  5:22  Pylon  
  53  5:26  Pylon  
  53  5:27  Gateway  
  53  5:34  Probe  
  54  5:36  Twilight Council, Pylon  
  54  5:40  Void Ray, Probe  
  59  5:44  Void Ray  
  63  5:53  Protoss Air Weapons Level 1  
  63  6:00  Probe x2  
  65  6:06  Nexus  
  65  6:12  Probe x2  
  67  6:22  Charge  
  67  6:23  Void Ray x2  
  73  6:33  Probe x2  
  75  6:41  Pylon  
  75  6:43  Zealot, Pylon  
  69  6:54  Protoss Ground Weapons Level 2  
  69  6:57  Zealot x2  
  73  7:15  Probe x2  
  75  7:22  Gateway  
  75  7:24  Photon Cannon  
  75  7:26  Photon Cannon  
  75  7:27  Probe  
  76  7:30  Shield Battery x2  
  76  7:34  Probe x2  
  78  7:39  Zealot x2  
  82  7:49  Gateway  
  82  7:50  Protoss Air Armor Level 1, Gateway  
  82  7:52  Gateway  
  82  7:57  Void Ray  
  86  8:03  Void Ray  
  90  8:07  Probe x2  
  92  8:19  Fleet Beacon  
  92  8:20  Pylon  
  92  8:46  Adept x4  
  75  8:48  Carrier x2, Resonating Glaives  
  100  9:01  Robotics Facility  
  100  9:04  Pylon  
  112  9:11  Stargate  
  112  9:13  Probe x3  
  112  9:16  Assimilator  
  115  9:19  Assimilator  
  115  9:29  Adept x2  
  115  9:30  Adept x3  
  125  9:40  Pylon  
  125  9:42  Pylon  
  125  9:54  Protoss Air Weapons Level 2  
  125  9:58  Probe x3  
  128  10:09  Warp Prism  
  128  10:10  Probe x3, Dark Shrine  
  128  10:12  Nexus  
  128  10:14  Pylon  
  133  10:16  Robotics Bay, Pylon  
  133  10:19  Pylon  
  133  10:31  Pylon x2  
  133  10:34  Photon Cannon  
  133  10:35  Photon Cannon  
  133  10:36  Photon Cannon  
  133  10:38  Photon Cannon  
  129  10:49  Adept  
  113  10:50  Adept x2  
  113  10:51  Adept x3  
  103  11:14  Carrier x2  
  95  11:20  Zealot  
  95  11:21  Zealot x4  
  106  11:43  Gateway  
  106  11:45  Dark Templar, Gateway  
  106  11:46  Dark Templar x2  
  112  11:50  Dark Templar  
  112  11:51  Gateway  
  112  11:53  Gateway  
  103  12:15  Nexus  
  103  12:20  Pylon  
  103  12:22  Pylon  
  103  12:31  Probe  
  103  12:32  Probe  
  105  12:40  Dark Templar  
  105  12:43  Gateway  
  107  12:46  Gateway  
  107  12:48  Photon Cannon  
  107  12:49  Photon Cannon  
  107  12:51  Photon Cannon, Shield Battery  
  107  12:54  Shield Battery  
  107  12:55  Shield Battery  
  103  13:16  Carrier  
  109  13:22  Probe x2  
  99  13:31  Protoss Air Weapons Level 3  
  99  13:34  Probe  
  100  13:49  Assimilator  
  100  13:59  Assimilator  
  100  14:01  Assimilator, Carrier  
  106  14:31  Zealot x4  
  112  14:32  Zealot x5  
  112  14:33  Zealot  
  126  14:45  Colossus  
  122  14:47  Extended Thermal Lance  
  104  15:19  Zealot x2  
  104  15:20  Zealot x2  
  112  15:24  Nexus  
  112  15:33  Zealot  
  112  15:34  Zealot x5  
  111  15:56  Carrier x2  
  111  16:05  Nexus  
  111  16:08  Pylon  
  111  16:09  Pylon  
  121  16:24  Zealot x3  
  121  16:25  Zealot x2  
  113  16:58  Assimilator  
  113  17:03  Assimilator  
  113  17:04  Observer  
  122  17:37  Tempest  
Show
View Real Time Build Order
Export as new Build Order

pHARM Zerg 

Build Orders: Hatch First, Roach Hydra 

Get SALT Encoding   

  12  0:01  Drone  
  13  0:12  Overlord  
  13  0:24  Drone  
  14  0:31  Drone x2  
  16  0:49  Hatchery  
  15  0:58  Drone  
  15  0:59  Drone  
  17  1:10  Drone  
  18  1:16  Spawning Pool  
  17  1:41  Drone x3  
  20  2:04  Queen  
  22  2:13  Queen  
  22  2:14  Extractor  
  22  2:15  Overlord  
  23  2:16  Drone  
  23  2:19  Drone  
  23  2:21  Drone  
  26  2:30  Drone  
  26  2:31  Drone  
  26  2:33  Drone  
  29  2:40  Drone x2  
  31  2:47  Overlord  
  31  2:49  Drone  
  32  2:52  Queen  
  34  3:09  Evolution Chamber  
  33  3:13  Drone  
  33  3:14  Drone x4  
  33  3:15  Roach Warren  
  33  3:19  Drone  
  39  3:20  Drone  
  39  3:27  Lair  
  39  3:43  Evolution Chamber  
  38  3:54  Drone x6  
  44  4:02  Spine Crawler  
  43  4:08  Zerg Missile Weapons Level 1  
  43  4:09  Overlord x2  
  44  4:20  Extractor  
  44  4:23  Roach, Extractor  
  44  4:40  Glial Reconstitution  
  44  4:49  Drone x2  
  44  4:50  Drone x3  
  44  4:51  Drone  
  50  4:59  Overlord x3  
  50  5:09  Hatchery  
  49  5:16  Roach x2  
  49  5:17  Roach x3  
  59  5:24  Roach  
  61  5:36  Spore Crawler  
  61  5:41  Spore Crawler  
  61  5:42  Drone  
  60  5:45  Drone  
  60  5:47  Roach x6  
  73  6:04  Roach x5  
  81  6:07  Overlord x2  
  83  6:30  Drone x9  
  78  6:59  Hydralisk Den, Zerg Missile Weapons Level 2  
  78  7:00  Zerg Ground Armor Level 1  
  65  7:04  Spore Crawler  
  65  7:06  Extractor  
  65  7:07  Extractor  
  65  7:08  Queen x3  
  58  7:30  Hydralisk x10  
  78  7:37  Drone x4  
  78  7:38  Drone x6  
  78  7:44  Queen x2  
  92  7:58  Hydralisk  
  92  7:59  Hydralisk x5  
  104  8:11  Grooved Spines  
  104  8:12  Extractor  
  103  8:33  Hydralisk x3  
  103  9:01  Drone x3  
  106  9:04  Overlord x4  
  106  9:06  Hatchery  
  105  9:31  Spore Crawler  
  105  9:32  Spore Crawler  
  105  9:34  Spore Crawler  
  105  9:35  Spore Crawler  
  105  9:37  Drone x2  
  105  9:38  Drone x4  
  106  9:39  Drone x2  
  106  9:40  Overlord x3  
  109  9:46  Muscular Augments  
  109  9:47  Hydralisk x9  
  109  9:48  Hydralisk x4  
  135  9:55  Zerg Ground Armor Level 2  
  135  10:08  Infestation Pit  
  134  10:19  Hydralisk x11  
  156  10:37  Drone  
  156  10:38  Drone x8  
  145  11:01  Roach x8  
  145  11:02  Roach x2  
  142  11:07  Hydralisk  
  122  11:25  Hydralisk Den  
  102  11:54  Hydralisk x10  
  108  12:05  Hydralisk x2  
  84  12:22  Spawning Pool  
  79  12:49  Spawning Pool  
  79  13:04  Spawning Pool  
  78  13:07  Hydralisk  
  78  13:08  Hydralisk x6  
  89  13:32  Lair  
  89  13:33  Hatchery  
  88  13:34  Hydralisk x4  
  96  14:06  Hydralisk  
  96  14:07  Hydralisk x5  
  108  14:25  Hydralisk x4  
  115  14:36  Overseer  
  105  14:44  Overseer  
  87  15:00  Drone x3  
  87  15:01  Drone x7  
  87  15:02  Queen  
  99  15:10  Drone x6  
  105  15:20  Hive  
  73  15:49  Hydralisk x15  
  81  15:50  Hydralisk  
  83  16:21  Spire  
  78  16:44  Extractor  
  78  16:46  Extractor  
  76  16:48  Spine Crawler  
  76  16:49  Spore Crawler  
  74  16:58  Drone x4  
  74  16:59  Drone x4  
  74  17:00  Drone x2  
  74  17:01  Drone x3  
  85  17:02  Drone  
  76  17:34  Corruptor x4  
  84  18:01  Overseer x3  
Tags
 
Add a new tag
Caveats
  • Supply blocks, unpowered buildings, or Contaminate may cause inaccurate times.
  • Supply counts are checked every 10 seconds.